 Dungeon Crawl Stone Soup version 0.32-a0-818-gb728d0252e (webtiles) character file.

Game seed: 11573594637031524360

1753110 Ge0ff the Wild Goblin (level 27, 201/246 HPs)
             Began as a Coglin Berserker on Mar 22, 2024.
             Was a High Priest of Trog.
             Escaped with the Orb
             ... and 3 runes
             ... and 1 gem on Mar 24, 2024!
             The game lasted 02:47:00 (72295 turns).

Ge0ff the Wild Goblin (Coglin Berserker)           Turns: 72295, Time: 02:47:01

Health: 201/246    AC: 30    Str: 29    XL:     27
Magic:  47/47      EV: 25    Int: 11    God:    Trog [*****.]
Gold:   3401       SH:  0    Dex: 18    Spells: 26/26 levels left

rFire   + . .        a - +11 demon trident "Ucialal" {heavy, rElec rC++ rN+ Dex-4}
rCold   + + .        b - +8 demon trident (vamp) {Marduk-asir}
rNeg    + + .        w - +7 swamp dragon scales "Cod Ydis" {rPois rN+ Dex+5 Slay+2}
rPois   +            Q - +3 hat of Pondering {ponderous, Will+ MP+10 Int+5}
rElec   +            Y - +1 cloak of Starlight {*Dazzle EV+4 Stlth--}
rCorr   .            z - +0 pair of gloves
SInv    .            D - +2 pair of boots {Fly}
Will    +++++        (amulet unavailable)
Stlth   +            (ring unavailable)
HPRegen 1.61/turn    (ring unavailable)
MPRegen 1.10/turn    f - thermomodule Ver.2 {RevMP, rF+ Slay+3}

%: no passive effects
@: strong-willed, flying, regenerating, revved, slow
A: off-hand wielding, slow wielding, warmup strikes, no jewellery, deterioration
1, robust 1, inability to read after injury 1, MP-powered wands
0: Orb of Zot
}: 3/15 runes: serpentine, barnacled, silver
a: Renounce Religion, Berserk, Trog's Hand, Brothers in Arms


You escaped.
You worshipped Trog.
Trog was extremely pleased with you.
You visited 11 branches of the dungeon, and saw 51 of its levels.
You visited the Abyss 2 times.
You also visited: Trove, Ossuary, Bailey and Ice Cave.

You collected 11533 gold pieces.
You spent 8132 gold pieces at shops.

Inventory:

Hand Weapons
 a - the +11 demon trident "Ucialal" (weapon) {heavy, rElec rC++ rN+ Dex-4}
   (You found it in a treasure trove)

   Dex-4:     It affects your dexterity (-4).
   rC++:      It greatly protects you from cold.
   rElec:     It insulates you from electricity.
   rN+:       It protects you from negative energy.
 b - a +8 vampiric demon trident (offhand) {Marduk-asir}
 c - a +2 demon trident of electrocution {Yae}
 i - the +2 demon trident of Jodwum {flame, +Blink Str-5 Dex+6}
   (You took it off a deep elf annihilator on level 3 of the Elven Halls)

   Str-5:     It affects your strength (-5).
   Dex+6:     It affects your dexterity (+6).
   +Blink:    It lets you blink.
 k - a +3 demon trident of draining
 J - a +2 antimagic demon trident
 K - a +2 demon trident of venom
 L - a +6 heavy demon trident {Yume}
Missiles
 e - 8 darts of dispersal
 g - 6 throwing nets {=F}
 h - 15 boomerangs (quivered)
 x - 9 silver javelins
 G - 8 javelins
Armour
 v - a scarf of resistance
 w - the +7 swamp dragon scales "Cod Ydis" (worn) {rPois rN+ Dex+5 Slay+2}
   (You took it off a spriggan in a bailey)

   Dex+5:     It affects your dexterity (+5).
   Slay+2:    It affects your accuracy & damage with ranged weapons and melee
   (+2).
   rPois:     It protects you from poison.
   rN+:       It protects you from negative energy.
 z - a +0 pair of gloves (worn)
 D - a +2 pair of boots of flying (worn)
 Q - the +3 hat of Pondering (worn) {ponderous, Will+ MP+10 Int+5}
   (You took it off Gastronok on level 8 of the Dungeon)

   Int+5:     It affects your intelligence (+5).
   Will+:     It increases your willpower.
   MP+10:     It affects your magic capacity (+10).
 Y - the +1 cloak of Starlight (worn) {*Dazzle EV+4 Stlth--}
   (You bought it in a shop on level 2 of the Orcish Mines)

   *Dazzle:   It may blind those who miss an attack against the wearer in melee
   combat.
   EV+4:      It affects your evasion (+4).
   Stlth--:   It makes you much less stealthy.
Gizmo
 f - a thermomodule Ver.2 (installed) {RevMP, rF+ Slay+3}
   (You invented it yourself on level 4 of the Lair of Beasts)

   [thermomodule Ver.2]

   RevMP:     Your magic regeneration increases greatly based on how Revved you
   are.
   Slay+3:    It affects your accuracy & damage with ranged weapons and melee
   (+3).
   rF+:       It protects you from fire.
Wands
 d - a wand of digging (10)
 j - a wand of quicksilver (33)
 p - a wand of paralysis (50)
 r - a wand of roots (62)
 s - a wand of mindburst (36)
 P - a wand of polymorph (10)
Scrolls
 m - 3 scrolls of revelation
 y - 6 scrolls of immolation
 B - 3 scrolls of blinking
 C - 7 scrolls of poison
 E - 12 scrolls of fear
 F - 3 scrolls of fog
 S - 2 scrolls of butterflies
 T - 21 scrolls of teleportation
 V - 7 scrolls of vulnerability
Potions
 o - 7 potions of ambrosia
 q - 28 potions of curing
 u - 9 potions of mutation {!q}
 A - 2 potions of attraction
 H - 3 potions of haste {!q}
 I - 9 potions of invisibility
 M - 8 potions of might
 N - 3 potions of cancellation {!q}
 R - 3 potions of resistance
 W - 10 potions of heal wounds {!q}
 X - 7 potions of enlightenment
 Z - 8 potions of berserk rage {!q}
Miscellaneous
 l - a lightning rod (4/4)
 n - a phial of floods
 t - a tin of tremorstones (1/2)
 O - a sack of spiders (inert)
 U - a phantom mirror (inert)


   Skills:
 - Level 20.0 Fighting
 - Level 3.0 Maces & Flails
 + Level 15.9 Polearms
 + Level 17.7 Throwing
 - Level 17.0 Armour
 + Level 16.6 Dodging
 + Level 8.0 Stealth
 - Level 20.1 Invocations
 - Level 20.0 Evocations


You had 26 spell levels left.
You didn't know any spells.
Your spell library was empty.

Dungeon Overview and Level Annotations

Branches:
Dungeon (15/15)            Temple (1/1) D:7            Lair (5/5) D:9
 Shoals (4/4) Lair:3        Snake (4/4) Lair:2        Slime (0/5) Lair:4
    Orc (2/2) D:9             Elf (3/3) Orc:2        Vaults (5/5) D:14
  Crypt (3/3) Vaults:2       Tomb (0/3) Crypt:3      Depths (4/4) D:15
    Zot (5/5) Depths:4    Ossuary (visited)          Bailey (visited)
  IceCv (visited)

Altars:
Ashenzari
Cheibriados
Dithmenos
Elyvilon
Fedhas
Gozag
Hepliaklqana
Kikubaaqudgha
Makhleb
Nemelex Xobeh
Okawaru
Qazlal
Ru
Sif Muna
Trog
Uskayaw
Vehumet
Wu Jian
Xom
Yredelemnul
Zin
The Shining One
Beogh
Jiyva

Shops:
D:2 =   D:10 :(   Orc:2 *?!   Elf:1 [   Elf:2 :[(*?   Elf:3 [   Shoals:3 (
Shoals:4 [(   Snake:1 (   Vaults:2 *   Vaults:3 [   Depths:1 *!   Depths:4 [

Portals:
Hell: Depths:1 Depths:2 Depths:3 Depths:4
Abyss: Depths:1 Depths:3
Pandemonium: Depths:2 Depths:4
Ziggurat: Depths:4

Annotations:
D:1 Natasha


Innate Abilities, Weirdness & Mutations

You can wield a second weapon in your off-hand.
It takes a long time for you to wield or remove held weapons.
Your first few attacks do less damage.
You cannot equip rings or amulets.
Your body sometimes deteriorates upon taking damage.
You are robust. (+10% HP)
You occasionally lose the ability to read scrolls when taking damage.
You expend magic power (3 MP) to strengthen your wands.


Message History

Qiprikk is lightly wounded.
You hit Qiprikk but do no damage.
Qiprikk tramples you but does no damage.
Natasha claws you. Qiprikk barely misses you.
You puncture Qiprikk with your +8 vampiric demon trident!
Qiprikk is lightly wounded.
You perforate Qiprikk like a sieve with the +11 demon trident "Ucialal"!!!
The orange demon completely misses you.
Natasha stares at you and mumbles some strange words.
You resist with almost no effort. Qiprikk tramples you.
You hold your ground!
You impale Qiprikk with the +11 demon trident "Ucialal"!!
Qiprikk is heavily wounded.
You hit Qiprikk but do no damage. Qiprikk misses you.
The orange demon closely misses you. Natasha completely misses you.
You stick Qiprikk like a pincushion with the +11 demon trident "Ucialal"!!!
Qiprikk is severely wounded.
You barely miss Qiprikk with your +8 vampiric demon trident.
Qiprikk closely misses you.
Qiprikk tramples you but does no damage.
You puncture Qiprikk with the +11 demon trident "Ucialal"!
Qiprikk is severely wounded.
You puncture Qiprikk with your +8 vampiric demon trident!
The orange demon completely misses you. Natasha misses you.
Qiprikk barely misses you.
Qiprikk is temporarily struck blind!
You strike the helpless Qiprikk from behind!
You puncture Qiprikk with your +8 vampiric demon trident!
Qiprikk is severely wounded.
You impale Qiprikk with the +11 demon trident "Ucialal"!!
Qiprikk misses you.
A glowing orange brain comes into view.
The orange demon barely misses you. Natasha closely misses you.
Qiprikk barely misses you.
You puncture Qiprikk with the +11 demon trident "Ucialal"!
Qiprikk is almost dead.
You puncture Qiprikk with your +8 vampiric demon trident!
You kill Qiprikk!
Trog accepts your kill. The orange demon completely misses you.
Natasha misses you.
Use which ability? (? or * to list)
Your skin crawls.
You feel strong-willed. The orange demon closely misses you.
Natasha misses you.
Use which ability? (? or * to list)
Your skin crawls.
You feel strong-willed.
The orange demon stings you but does no damage.
Natasha misses you.
The orange demon stings you but does no damage.
Natasha claws you.
You have escaped!

...#.#.....####....###### #..
...#.#.###.............# #####..
...#.#.###.#######.###.####......
.....#...#.#ß.ß###.# #.#........÷
.....###.#......##.# #.#.........
...#.....#......##.# #.#.........
...#.#####...ßG.##.# #.####......
...#...# #....4.ß#.# #.# #...##..
...#.#.###.....h@#.# #.# #.#.##.#
...#.#...#......ß#.# #.###.#.##.#
...#.........ß..##.###.##..#....#
#######.........##..............#
#.....#.........##......#####...#
+.....#....#ß.ß###.##..## #.#...#
#.....#....#######.##..## #.##.##
#.....#............#....# #.##.#
..........####5........####.##.#


You could see a glowing orange brain, an orange demon and Natasha.

Vanquished Creatures
  Frederick (Depths:3)
  2 dread liches
  3 ancient liches
  2 orbs of fire
  Xtahua (Crypt:3)
  A pandemonium lord (D:1)
  Vv (Zot:1)
  Boris (twice) (Depths:1 Crypt:1)
  Bai Suzhen (Snake:3)
  3 Killer Klowns (Zot:5)
  Saint Roka (Vaults:1)
  A curse toe (Zot:2)
  6 golden dragons
  Nikola (Shoals:1)
  2 electric golems
  2 doom hounds (Zot:1)
  2 bone dragons
  An Ice Fiend (Depths:1)
  6 tentacled monstrosities
  A walking crystal tome (Depths:4)
  23 Orb Guardians
  Grunn (Depths:4)
  7 liches
  Asterion (Vaults:1)
  A walking frostbound tome (Depths:2)
  Mlioglotl (Shoals:3)
  2 deep elf master archers (Elf:3)
  4 titans
  6 death cobs
  2 deep elf blademasters (Elf:3)
  3 quicksilver dragons
  7 sphinxes
  An ancient champion (Crypt:1)
  3 tentacled starspawn
  4 krakens
  Gastronok (D:8)
  Kirke (D:15)
  An Executioner (D:8)
  10 storm dragons
  10 shadow dragons
  7 fire giants
  3 protean progenitors
  7 tengu reavers
  2 revenants (Crypt:3)
  6 nagarajas (Snake:4)
  Donald (Snake:1)
  6 draconian monks
  12 frost giants
  A daeva (Abyss:2)
  4 draconian shifters
  6 draconian scorchers
  An iron dragon (Depths:2)
  2 balrugs
  5 draconian knights
  5 deep elf sorcerers (Elf:3)
  Louise (Shoals:2)
  2 deep elf elementalists
  16 vault wardens
  A juggernaut zombie (Depths:3)
  2 curse skulls
  3 ghouls (Crypt:1)
  A caustic shrike zombie (Depths:3)
  4 draconian stormcallers
  2 draconian annihilators (Zot:2)
  3 formless jellyfish
  18 very ugly things
  A juggernaut skeleton (Depths:3)
  23 stone giants
  7 green draconians
  11 vampire knights
  17 ironbound preservers
  10 deep elf demonologists
  4 ironbound thunderhulks
  7 deep elf death magi
  10 purple draconians
  Azrael (D:14)
  6 dire elephants
  5 white draconians
  4 spark wasps (Depths:1)
  8 yellow draconians
  7 war gargoyles
  13 black draconians
  A red draconian (Zot:2)
  7 deep elf annihilators
  4 eidola
  2 merfolk javelineers
  7 ettins
  An entropy weaver (shapeshifter) (D:15)
  5 jiangshi
  Josephine (D:11)
  8 entropy weavers
  15 merfolk impalers
  12 yaktaur captains
  3 deep elf high priests
  6 fire dragons
  5 hydras
  5 great orbs of eyes
  4 rakshasas
  7 ogre magi
  4 ghost crabs (Crypt:3)
  A hell beast (Zot:2)
  3 spriggan skeletons
  36 vault guards
  An anaconda (shapeshifter) (Vaults:5)
  3 spriggan zombies
  4 salamander tyrants
  Harold (D:11)
  3 alligator snapping turtles
  7 ice dragons
  19 centaur warriors
  6 ironbound frosthearts
  3 merfolk avatars
  10 anacondas
  2 spriggan air magi
  2 merfolk aquamancers (Shoals:4)
  29 dancing weapons
  3 satyrs
  3 catoblepae
  25 two-headed ogres
  A jorogumo (Zot:4)
  5 boulder beetles
  4 death yaks
  3 deep troll shamans
  5 deep troll earth magi
  A hell hog (Lair:5)
  3 tengu warriors
  The ghost of shadizar the Thaumaturge, a novice DjCj of Makhleb (D:9)
  7 shock serpents
  17 naga sharpshooters
  5 thrashing horrors (Abyss:3)
  11 naga warriors
  2 spriggan berserkers
  17 deep elf knights
  16 hell knights
  2 occultists (Depths:1)
  2 soul eaters
  6 sun demons
  3 vampire magi
  2 shock serpents (shapeshifter)
  A titan skeleton (Depths:3)
  Amaemon (Lair:2)
  9 skysharks
  2 spark wasp zombies (Depths:3)
  6 iron trolls
  2 shadow wraiths
  A sixfirhy (D:1)
  A death drake (shapeshifter) (Depths:3)
  5 salamander mystics
  27 skeletal warriors
  A golden dragon zombie (Depths:3)
  Lodul (D:13)
  A bunyip zombie (Crypt:2)
  7 flayed ghosts
  17 sea snakes
  3 tengu zombies (Depths:3)
  6 glowing orange brains
  62 deep trolls
  8 arcanists
  5 bog bodies
  7 naga ritualists
  An orb spider (Abyss:3)
  Pikel (D:7)
  2 obsidian statues
  10 deep elf archers
  6 mana vipers
  2 alligator zombies
  An orange crystal statue (D:8)
  A swamp dragon (Lair:5)
  2 steelbarb worms (Zot:5)
  8 lindwurms
  A golden dragon skeleton (Depths:3)
  6 phantasmal warriors
  A thermic dynamo (Elf:1)
  An iron dragon zombie (Depths:3)
  2 anaconda skeletons
  A spriggan simulacrum (Crypt:1)
  26 deep elf zephyrmancers
  24 ironbound convokers
  2 shadow dragon skeletons
  7 orc knights
  24 harpies
  12 large abominations
  10 necromancers
  15 starcursed masses (Abyss:3)
  A steelbarb worm (shapeshifter) (Vaults:5)
  An orc sorcerer (Orc:1)
  A frost giant zombie (Crypt:1)
  3 fire giant zombies
  18 manticores
  3 tengu skeletons
  26 deep elf pyromancers
  4 cyclopes
  A wolf spider (shapeshifter) (Vaults:5)
  A shining eye (Abyss:3)
  52 ugly things
  16 fauns
  2 iron dragon skeletons
  A moth of wrath (shapeshifter) (D:15)
  2 worldbinders (Abyss:3)
  18 moths of wrath
  19 salamanders
  27 black mambas
  15 vault sentinels
  31 slime creatures
  5 guardian serpents
  2 apocalypse crabs (Shoals:1)
  9 merfolk sirens
  Joseph (D:7)
  2 kobold blastminers (Orc:1)
  4 molten gargoyles (D:9)
  3 water nymphs
  A black mamba (shapeshifter) (Abyss:3)
  7 smoke demons
  9 naga magi
  A titan simulacrum (Depths:3)
  A dire elephant skeleton (Crypt:3)
  3 orange demons
  5 gargoyles
  12 cane toads
  6 komodo dragons
  Maggie (Lair:2)
  2 unseen horrors
  41 yaktaurs
  2 hellions
  A grey draconian zombie (Crypt:2)
  3 ice devils (IceCv)
  4 anaconda simulacra (IceCv)
  5 rime drakes
  4 tengu conjurers
  3 guardian mummies
  21 freezing wraiths
  2 harpy zombies (Crypt:3)
  4 efreet
  A tormentor (Abyss:3)
  Psyche (D:11)
  A pale draconian skeleton (Crypt:2)
  12 polar bears
  8 trolls
  2 tyrant leeches (Zot:4)
  5 wind drakes (Shoals:4)
  3 hellwings
  A tarantella (Vaults:1)
  23 merfolk
  5 ancient zymes (Abyss:3)
  A death drake skeleton (Crypt:2)
  An alligator simulacrum (IceCv)
  7 raiju
  10 snapping turtles
  A fire dragon zombie (Crypt:3)
  10 dream sheep
  A harpy skeleton (Crypt:3)
  A glass eye (Vaults:1)
  7 blink frogs
  An ice dragon zombie (Crypt:2)
  2 hydra skeletons
  A deep troll skeleton (Vaults:2)
  A jumping spider (shapeshifter) (Vaults:5)
  3 air elementals
  2 jumping spiders
  Sigmund (D:2)
  6 shadows
  13 water elementals
  59 yaks
  An ettin skeleton (Crypt:3)
  A vampire (D:14)
  4 spriggans (Bailey)
  13 wraiths
  4 dire elephant simulacra (IceCv)
  An ushabti (Crypt:3)
  A yak (shapeshifter) (D:14)
  6 wyverns
  2 fire dragon skeletons (Crypt:3)
  12 fire elementals
  A human (shapeshifter) (Elf:2)
  3 basilisks
  A minotaur simulacrum (IceCv)
  5 hogs (D:15)
  12 vampire mosquitoes
  7 neqoxecs
  9 wargs
  14 redbacks
  6 steam dragons
  Menkaure (D:5)
  A harpy simulacrum (IceCv)
  A human simulacrum (Vaults:2)
  2 chaos spawn (Abyss:3)
  37 nagas
  An acid dragon (D:11)
  12 water moccasins
  A glowing shapeshifter zombie (Depths:3)
  2 naga skeletons
  Edmund (D:5)
  A human skeleton (Depths:3)
  2 glowing shapeshifter skeletons (Depths:3)
  15 hell hounds
  A sky beast (D:6)
  2 swamp drakes (Lair:5)
  13 orc warriors
  A swamp dragon zombie (Crypt:1)
  12 black bears
  2 ice beasts (D:7)
  24 laughing skulls
  4 ettin simulacra (IceCv)
  58 ogres
  28 wolves
  A black mamba simulacrum (Crypt:2)
  A lindwurm skeleton (Crypt:2)
  A hog zombie (Crypt:2)
  11 centaurs
  3 lemures (D:7)
  3 kobold brigands
  A phantom (D:4)
  A gnoll sergeant (D:4)
  A weeping skull (Abyss:3)
  7 scorpions
  8 bullfrogs
  4 earth elementals
  2 deep troll simulacra (IceCv)
  5 small abominations
  A wyvern skeleton (Crypt:1)
  13 wights
  3 lindwurm simulacra (IceCv)
  8 killer bees
  A yak skeleton (Crypt:1)
  7 electric eels
  7 howler monkeys
  A raiju skeleton (Crypt:1)
  A lava snake (D:9)
  2 human zombies
  A quasit (Abyss:3)
  A wolf skeleton (Crypt:1)
  3 jellies
  4 bombardier beetles
  A gnoll bouda (D:8)
  9 orc priests
  A black bear skeleton (Crypt:1)
  5 hounds
  Crazy Yiuf (D:3)
  2 iron imps (Abyss:3)
  A sleepcap (D:6)
  7 iguanas
  Ijyb (D:5)
  Natasha (D:2)
  Terence (D:2)
  24 orc wizards
  A scorpion zombie (Crypt:2)
  12 hell rats (Lair:1)
  5 ogre zombies (Ossuary)
  16 mummies
  12 adders
  6 gnolls
  9 river rats (Lair:1)
  4 ufetubi
  5 adder zombies (Ossuary)
  2 ribbon worms (D:2)
  3 dart slugs
  62 orcs
  10 ball pythons
  11 endoplasms
  3 giant cockroaches
  A gnoll zombie (Ossuary)
  4 goblins
  5 hobgoblins
  3 jackals
  9 quokkas
  7 bats
  3 frilled lizards
  A gnoll skeleton (Crypt:2)
  3 hobgoblin zombies (Ossuary)
  A jackal skeleton (Crypt:1)
  24 kobolds
  3 kobold zombies (Ossuary)
  An orc zombie (Ossuary)
  9 quokka zombies
  17 rats
  3 rat zombies (Ossuary)
  A spectral orc (D:3)
  An aspiring flesh (Zot:4)
  A butterfly (Lair:1)
  2 spectral weapons (Elf:2)
  8 starspawn tentacles
  9 tentacles
2448 creatures vanquished.

Vanquished Creatures (collateral kills)
  Rupert (D:13)
  Aizul (Snake:1)
  A fire giant (Zot:2)
  An ettin (Depths:1)
  A rakshasa (Depths:1)
  A deep troll shaman (Depths:1)
  A deep troll earth mage (Depths:1)
  2 hell knights (Depths:4)
  2 iron trolls
  A mana viper (Snake:2)
  2 deep trolls (Depths:1)
  A steelbarb worm (Zot:5)
  A necromancer (Depths:4)
  An orc knight (D:15)
  A salamander (Snake:2)
  2 moths of wrath (Zot:2)
  A naga mage (Snake:1)
  A black mamba (Snake:2)
  A warg (Lair:5)
  3 nagas (Snake:2)
  2 orc warriors (D:15)
  A wolf (Lair:5)
  A centaur (D:15)
  An orc priest (D:15)
  An orc (D:15)
32 creatures vanquished.

Vanquished Creatures (others)
  2 Orb Guardians (Zot:5)
  An Ice Fiend (Zot:5)
  A draconian monk (Zot:5)
  A draconian shifter (Zot:5)
  A draconian scorcher (Zot:5)
  2 green draconians
  A white draconian (Zot:2)
  A red draconian (Zot:5)
  A centaur warrior (D:14)
  A moth of wrath (Zot:5)
  A faun (Shoals:1)
  A slime creature (D:14)
  A laughing skull (Abyss:3)
  A centaur (D:14)
  2 electric eels (D:14)
  An orc wizard (D:13)
  An orc (Orc:1)
  A ball lightning (Zot:5)
  A butterfly (Depths:2)
  2 starspawn tentacles
  20 tentacles
44 creatures vanquished.

Grand Total: 2524 creatures vanquished

Notes
Turn   | Place    | Note
-------+----------+-------------------------------------------
     0 | D:1      | Ge0ff the Coglin Berserker began the quest for the Orb.
     0 | D:1      | Reached XP level 1. HP: 18/18 MP: 1/1
   302 | D:1      | Reached XP level 2. HP: 20/24 MP: 2/2
   573 | D:1      | Found a faded altar of an unknown god.
   891 | D:2      | Reached XP level 3. HP: 21/29 MP: 3/3
  1021 | D:2      | Found Uwieril's Jewellery Shop.
  1460 | D:2      | Noticed Terence
  1467 | D:2      | Killed Terence
  1468 | D:2      | Reached XP level 4. HP: 35/35 MP: 4/4
  1896 | D:2      | Reached skill level 5 in Polearms
  1897 | D:2      | Noticed Sigmund
  1905 | D:2      | Killed Sigmund
  1906 | D:2      | Reached XP level 5. HP: 41/41 MP: 5/5
  1906 | D:2      | Reached XP level 6. HP: 47/47 MP: 6/6
  2088 | D:2      | Noticed Natasha
  2101 | D:2      | Killed Natasha
  2214 | D:2      | Reached ** piety under Trog
  2410 | D:3      | Identified the +4 hammer "Giantslayer" {flame, rF+ Will+
                  | Dex+2}
  2414 | D:3      | Found a runed translucent door.
  2415 | D:3      | Noticed Crazy Yiuf
  3167 | D:3      | Found a shadowy altar of Dithmenos.
  3388 | D:3      | Found a hazy altar of Hepliaklqana.
  3418 | D:3      | Killed Crazy Yiuf
  3619 | D:4      | Found a glowing silver altar of Zin.
  3675 | D:4      | Reached XP level 7. HP: 52/52 MP: 7/7
  3683 | D:4      | Found a shimmering altar of Xom.
  3729 | D:4      | Reached skill level 1 in Maces & Flails
  3729 | D:4      | Reached skill level 1 in Evocations
  4128 | D:4      | Reached *** piety under Trog
  4212 | D:4      | Reached XP level 8. HP: 40/60 MP: 8/8
  4321 | D:4      | Identified the +2 trident of Tif Aff {flame, *Slow Fly
                  | Str+4 Int+2}
  4557 | D:5      | Entered Level 5 of the Dungeon
  4838 | D:5      | Noticed Edmund
  4848 | D:5      | Killed Edmund
  5035 | D:5      | Noticed Ijyb
  5046 | D:5      | Killed Ijyb
  5047 | D:5      | Reached skill level 5 in Fighting
  5378 | D:5      | Found a sparkling altar of Nemelex Xobeh.
  5400 | D:5      | Noticed Menkaure
  5404 | D:5      | Killed Menkaure
  5949 | D:6      | Found a sand-covered staircase.
  5963 | Ossuary  | Entered an ossuary
  6089 | Ossuary  | Reached **** piety under Trog
  6158 | Ossuary  | Reached XP level 9. HP: 68/68 MP: 9/9
  6708 | D:6      | Found a burning altar of Makhleb.
  6886 | D:6      | Found a white marble altar of Elyvilon.
  7039 | D:7      | Noticed Joseph
  7051 | D:7      | Killed Joseph
  7052 | D:7      | Reached skill level 10 in Polearms
  7107 | D:7      | Reached ***** piety under Trog
  7109 | D:7      | Noticed Pikel
  7130 | D:7      | Killed Pikel
  7131 | D:7      | Reached XP level 10. HP: 78/79 MP: 10/10
  7136 | D:7      | Found a sacrificial altar of Ru.
  7188 | D:7      | Found a staircase to the Ecumenical Temple.
  7245 | D:7      | Found a flagged portal.
  7264 | Bailey   | Entered a bailey
  7265 | Bailey   | Upgraded the game from 0.32-a0-814-g0968bab981 to
                  | 0.32-a0-818-gb728d0252e
  7439 | Bailey   | Noticed a two-headed ogre
  7446 | Bailey   | Killed a two-headed ogre
  7639 | Bailey   | Identified the +7 swamp dragon scales "Cod Ydis" {rPois rN+
                  | Dex+5 Slay+2}
  7804 | Bailey   | Identified the +4 quarterstaff "Xezilud" {spect, rElec rC-
                  | MP-9 Int+8}
  8540 | D:8      | Reached XP level 11. HP: 80/87 MP: 11/11
  8618 | D:8      | Found a snail-covered altar of Cheibriados.
  8800 | D:8      | You are sucked into a shaft and drop 1 floor!
  8967 | D:9      | Found a staircase to the Lair.
  8986 | D:9      | Received a gift from Trog
  9204 | D:9      | Found a runed translucent gate.
  9267 | D:8      | Identified the +0 robe of the First Snow {rElec rN+ Will+
                  | Str-2}
  9277 | Temple   | Entered the Ecumenical Temple
  9291 | D:8      | Noticed an obsidian statue
  9384 | D:8      | Noticed Gastronok
  9407 | D:8      | Killed Gastronok
  9850 | D:8      | Noticed an orange crystal statue
  9882 | D:8      | Killed an obsidian statue
  9954 | D:9      | Found a runed translucent gate.
  9954 | D:9      | Found a runed translucent gate.
  9969 | D:9      | Noticed shadizar's ghost (novice DjCj)
  9980 | D:9      | Found a staircase to the Orcish Mines.
 10162 | D:9      | Reached skill level 5 in Armour
 10370 | D:9      | Found an ornate altar of the Wu Jian Council.
 10565 | D:9      | Found a roughly hewn altar of Beogh.
 10584 | D:10     | Entered Level 10 of the Dungeon
 10668 | D:10     | Noticed a two-headed ogre
 10675 | D:10     | Killed a two-headed ogre
 10676 | D:10     | Reached skill level 10 in Fighting
 10676 | D:10     | Reached XP level 12. HP: 81/97 MP: 12/12
 10769 | D:10     | Found an iron altar of Okawaru.
 10769 | D:10     | Found a shimmering blue altar of Sif Muna.
 10950 | D:10     | Found Tyemam's Book Boutique.
 11025 | D:10     | Noticed a two-headed ogre
 11035 | D:10     | Killed a two-headed ogre
 11035 | D:10     | Received a gift from Trog
 11036 | D:10     | Reached skill level 1 in Throwing
 11264 | D:10     | Found Xofory's Antique Weapon Boutique.
 11648 | D:11     | Noticed a two-headed ogre
 11650 | D:11     | Killed a two-headed ogre
 11780 | D:11     | Noticed Josephine
 11791 | D:11     | Killed Josephine
 11827 | D:11     | Noticed Psyche
 11836 | D:11     | Killed Psyche
 11837 | D:11     | Reached skill level 5 in Evocations
 11900 | D:11     | Noticed Harold
 11911 | D:11     | Killed Harold
 12351 | Lair:1   | Entered Level 1 of the Lair of Beasts
 12523 | Lair:1   | Identified a scroll of acquirement
 12524 | Lair:1   | Acquired 555 gold pieces
 12821 | Lair:1   | Reached XP level 13. HP: 106/106 MP: 13/13
 13423 | Lair:2   | Received a gift from Trog
 13482 | Lair:2   | Reached skill level 5 in Dodging
 13532 | Lair:2   | Noticed Amaemon
 13549 | Lair:2   | Killed Amaemon
 13989 | Lair:2   | Found a staircase to the Snake Pit.
 14082 | Lair:2   | Noticed Maggie
 14089 | Lair:2   | Killed Maggie
 14458 | Lair:3   | Found a staircase to the Shoals.
 15530 | Lair:4   | Received a gift from Trog
 15661 | Lair:4   | Reached skill level 15 in Fighting
 15662 | Lair:4   | Reached XP level 14. HP: 93/123 MP: 14/14
 15900 | Lair:4   | Acquired a thermomodule Ver.2 {RevMP, rF+ Slay+3}
 16065 | Lair:4   | Found a viscous altar of Jiyva.
 16066 | Lair:4   | Found a staircase to the Slime Pits.
 16672 | Lair:5   | Entered Level 5 of the Lair of Beasts
 16991 | Lair:5   | Identified the +2 flail "Sunoset" {flame, rElec Str+2}
                  | (Trog gifted it to you on level 5 of the Lair of Beasts)
 16991 | Lair:5   | Received a gift from Trog
 17045 | Lair:5   | Identified the amulet of Huetous {Acrobat Rampage Int+3}
 18297 | D:9      | Killed shadizar's ghost
 18975 | D:8      | Fell from the grace of Trog
 19020 | Temple   | Became a worshipper of Trog the Wrathful
 19137 | D:12     | Reached XP level 15. HP: 136/136 MP: 15/15
 19350 | D:12     | Found a stormy altar of Qazlal.
 20271 | D:13     | Reached * piety under Trog
 20309 | D:13     | Noticed Lodul
 20327 | D:13     | Killed Lodul
 20554 | D:13     | Noticed Rupert
 20560 | D:13     | Killed Rupert
 20562 | D:13     | Found a shimmering blue altar of Sif Muna.
 20908 | D:14     | Found a gate to the Vaults.
 21307 | D:14     | Noticed Azrael
 21314 | D:14     | Killed Azrael
 22494 | D:15     | Entered Level 15 of the Dungeon
 22560 | D:15     | Reached XP level 16. HP: 131/148 MP: 16/16
 22982 | D:15     | Noticed Kirke
 22999 | D:15     | Killed Kirke
 23204 | D:15     | Found a staircase to the Depths.
 23735 | Snake:1  | Entered Level 1 of the Snake Pit
 23751 | Snake:1  | Noticed Donald
 23756 | Snake:1  | Killed Donald
 23909 | Snake:1  | Found Foissel's Antique Weapon Boutique.
 23993 | Shoals:1 | Entered Level 1 of the Shoals
 24002 | Shoals:1 | Reached skill level 5 in Throwing
 24487 | Shoals:1 | Reached skill level 10 in Evocations
 24667 | Shoals:1 | Noticed Nikola
 24682 | Shoals:1 | Killed Nikola
 25211 | Shoals:1 | Noticed a kraken
 25656 | Shoals:1 | Killed a kraken
 25804 | Shoals:1 | Noticed a tentacled monstrosity
 25808 | Shoals:1 | Killed a tentacled monstrosity
 25815 | Shoals:1 | Identified the ring of the Kappa {rF+ AC+4 Int+3 Slay-6}
 26323 | Shoals:2 | Reached XP level 17. HP: 118/155 MP: 17/17
 26784 | Shoals:2 | Noticed Louise
 26799 | Shoals:2 | Killed Louise
 26799 | Shoals:2 | Identified the +6 trident of Disgust {flame, rN+ Dex+2}
                  | (Trog gifted it to you on level 2 of the Shoals)
 26799 | Shoals:2 | Received a gift from Trog
 27284 | Shoals:2 | Noticed a kraken
 27295 | Shoals:2 | Killed a kraken
 27296 | Shoals:2 | Reached skill level 10 in Armour
 27455 | Shoals:2 | Noticed a kraken
 27469 | Shoals:2 | Killed a kraken
 27674 | Shoals:3 | Noticed a kraken
 27685 | Shoals:3 | Killed a kraken
 27992 | Shoals:3 | Noticed Mlioglotl
 28522 | Shoals:3 | Killed Mlioglotl
 29072 | Shoals:3 | Found Gaqital's Antique Weapon Emporium.
 29401 | Shoals:4 | Entered Level 4 of the Shoals
 29628 | Shoals:4 | Found Nyack's Weapon Shop.
 29642 | Shoals:4 | Bought 5 silver javelins for 810 gold pieces
 29772 | Shoals:4 | Found Saquaw's Armour Shoppe.
 30094 | Shoals:4 | Received a gift from Trog
 30247 | Shoals:4 | Reached skill level 10 in Dodging
 30506 | Shoals:4 | Got a barnacled rune of Zot
 30903 | Shoals:4 | Found the +10 zealot's sword {holy, Zealotry, *Rage rN+
                  | EV+3}
 31355 | Snake:1  | Identified the serpent talisman "Ziexeynt" {rF+ Int-3 Dex+4
                  | Slay+3}
 31355 | Snake:1  | Noticed Aizul
 31362 | Snake:1  | Killed Aizul
 31363 | Snake:1  | Reached XP level 18. HP: 135/162 MP: 18/18
 32410 | Snake:2  | Reached skill level 15 in Evocations
 32573 | Snake:2  | Received a gift from Trog
 32574 | Snake:2  | Reached skill level 1 in Invocations
 33788 | Snake:3  | Noticed Bai Suzhen
 33799 | Snake:3  | Killed Bai Suzhen
 34763 | Snake:4  | Entered Level 4 of the Snake Pit
 35228 | Snake:4  | Reached XP level 19. HP: 169/169 MP: 21/21
 36172 | Snake:4  | Got a serpentine rune of Zot
 37411 | Orc:1    | Entered Level 1 of the Orcish Mines
 37459 | Orc:1    | Found a roughly hewn altar of Beogh.
 37522 | Orc:1    | Received a gift from Trog
 37767 | Orc:2    | Entered Level 2 of the Orcish Mines
 37848 | Orc:2    | Found a staircase to the Elven Halls.
 37986 | Orc:2    | Found Judamana's General Store.
 37986 | Orc:2    | Found Koparad's Distillery.
 37986 | Orc:2    | Found Zocet's Distillery.
 37986 | Orc:2    | Found Yfimmo's Magic Scroll Shoppe.
 37999 | Orc:2    | Bought a potion of berserk rage for 80 gold pieces
 37999 | Orc:2    | Bought a potion of heal wounds for 80 gold pieces
 37999 | Orc:2    | Bought a potion of might for 64 gold pieces
 38000 | Orc:2    | Bought a scroll of butterflies for 56 gold pieces
 38001 | Orc:2    | Bought a potion of magic for 80 gold pieces
 38003 | Orc:2    | Bought a scroll of identify for 28 gold pieces
 38004 | Orc:2    | Reached skill level 10 in Throwing
 38004 | Orc:2    | Reached XP level 20. HP: 176/176 MP: 23/23
 38006 | Orc:2    | Bought the +1 cloak of Starlight {*Dazzle EV+4 Stlth--} for
                  | 457 gold pieces
 38006 | Orc:2    | Found the +1 cloak of Starlight {*Dazzle EV+4 Stlth--}
 38006 | Orc:2    | Bought a phial of floods for 600 gold pieces
 38006 | Orc:2    | Bought a tin of tremorstones (2/2) for 600 gold pieces
 38228 | Orc:2    | Reached ****** piety under Trog
 38729 | Elf:1    | Entered Level 1 of the Elven Halls
 38736 | Elf:1    | Paralysed by an air elemental for 1 turns
 38737 | Elf:1    | Received a gift from Trog
 39262 | Abyss:2  | Cast into level 2 of the Abyss (+0 hand axe of distortion)
 39518 | Abyss:3  | Reached skill level 5 in Invocations
 39669 | Elf:1    | Escaped the Abyss
 39919 | Elf:1    | Received a gift from Trog
 39951 | Elf:1    | Reached XP level 21. HP: 164/183 MP: 25/25
 40323 | Elf:1    | Found Huruu's Armour Shop.
 40418 | Elf:2    | Found Puczuoxam's Assorted Antiques.
 40757 | Elf:2    | Found Lam Ott's Antique Armour Emporium.
 40878 | Elf:2    | Found Jaexkig's Book Shoppe.
 40931 | Elf:2    | Found a runed translucent gate.
 40931 | Elf:2    | Found a runed translucent gate.
 40931 | Elf:2    | Found a runed translucent gate.
 40988 | Elf:2    | Received a gift from Trog
 41024 | Elf:2    | Found Tateam's Weapon Emporium.
 41060 | Elf:2    | Found Hikottoa's Magic Scroll Emporium.
 41068 | Elf:2    | Bought a scroll of enchant weapon for 90 gold pieces
 42091 | Elf:3    | Entered Level 3 of the Elven Halls
 42099 | Elf:3    | Identified the +2 robe of Aczepnov {+Blink rF++ rCorr}
 42120 | Elf:3    | Received a gift from Trog
 42223 | Elf:3    | Found a glacial archway.
 42303 | IceCv    | Entered an ice cave
 42693 | IceCv    | Found an ancient bone altar of Kikubaaqudgha.
 42712 | IceCv    | Identified the ring "Xuon" {rC+ Int+3}
 42798 | IceCv    | Identified the +4 quick blade of the Mosquito {flame, rCorr
                  | Str+3} (Trog gifted it to you in an ice cave)
 42798 | IceCv    | Received a gift from Trog
 43053 | IceCv    | Identified the +1 short sword "Hiwkorch" {flame, Int+2
                  | Dex+5}
 43318 | Elf:3    | Found Noanoifo's Armour Boutique.
 44114 | Elf:2    | Bought a potion of attraction for 84 gold pieces
 44205 | Elf:3    | Identified the +8 glaive "Cogew" {drain, rElec Will+
                  | Stlth+}
 44668 | Elf:3    | Identified the +4 halberd "Lifebane" {speed, rElec rC+
                  | Str+4}
 44806 | Elf:3    | Identified the +8 flail of Honour {venom, rF+ rN+}
 44818 | Elf:3    | Received a gift from Trog
 44818 | Elf:3    | Identified the +0 leather armour "Boecaw" {Dex+3}
 44840 | Abyss:3  | Cast into level 3 of the Abyss (a deep elf sorcerer)
 44905 | Abyss:3  | Reached XP level 22. HP: 190/190 MP: 27/27
 45046 | Abyss:3  | Gained mutation: You occasionally lose the ability to drink
                  | potions when taking damage. [a neqoxec]
 45057 | Abyss:3  | Gained mutation: You sometimes lose your temper in combat.
                  | [a shining eye]
 45063 | Abyss:3  | Lost mutation: You sometimes lose your temper in combat.
                  | [potion of mutation]
 45063 | Abyss:3  | Lost mutation: You occasionally lose the ability to drink
                  | potions when taking damage. [potion of mutation]
 45063 | Abyss:3  | Gained mutation: You have hidden genetic potential. [potion
                  | of mutation]
 45063 | Abyss:3  | Gained mutation: You occasionally lose the ability to read
                  | scrolls when taking damage. [potion of mutation]
 45303 | Abyss:3  | Found a corrupted altar of Lugonu.
 45355 | Abyss:3  | Identified the +3 glaive of Blood-Lust {antimagic, ^Fragile
                  | rElec rCorr Int-3} (Trog gifted it to you on level 3 of the
                  | Abyss)
 45355 | Abyss:3  | Received a gift from Trog
 45454 | Elf:3    | Escaped the Abyss
 45505 | Elf:3    | Identified the +2 demon trident of Jodwum {flame, +Blink
                  | Str-5 Dex+6}
 45530 | Elf:3    | Identified the +12 glaive of the Dancing Gods {venom, *Slow
                  | ^Fragile rC+++ Will+}
 45585 | Elf:3    | Identified the +3 trident of the Evening {venom, *Rage
                  | rElec Dex+2}
 45945 | Vaults:1 | Entered Level 1 of the Vaults
 46109 | Vaults:1 | Acquired 917 gold pieces
 46150 | Vaults:1 | Noticed Saint Roka
 46157 | Vaults:1 | Killed Saint Roka
 46205 | Vaults:1 | Received a gift from Trog
 46771 | Vaults:1 | Noticed Asterion
 46779 | Vaults:1 | Killed Asterion
 46992 | Vaults:1 | Received a gift from Trog
 47505 | Vaults:1 | Identified the +7 scale mail of the Untouchables {^Contam
                  | Harm MP+9 Str+5}
 47885 | Vaults:2 | Reached XP level 23. HP: 177/196 MP: 29/29
 47946 | Vaults:2 | Reached skill level 15 in Armour
 48042 | Vaults:2 | Gained mutation: You are robust. (+10% HP) [hidden
                  | potential]
 48274 | Vaults:2 | Received a gift from Trog
 48673 | Vaults:2 | Reached skill level 15 in Throwing
 48908 | Vaults:2 | Found Mavirhet's General Store.
 49055 | Vaults:2 | Found a staircase to the Crypt.
 49210 | Vaults:2 | Received a gift from Trog
 49511 | Vaults:3 | Found Wom Nicemp's Armour Boutique.
 51027 | Vaults:4 | Received a gift from Trog
 51272 | Vaults:4 | Reached skill level 10 in Invocations
 51510 | Vaults:4 | Reached XP level 24. HP: 224/224 MP: 30/30
 51652 | Vaults:4 | Gained mutation: You expend magic power (3 MP) to
                  | strengthen your wands. [hidden potential]
 51652 | Vaults:4 | Lost mutation: You have hidden genetic potential. [hidden
                  | potential expressed]
 52013 | Depths:1 | Entered Level 1 of the Depths
 52157 | Depths:1 | Found a gateway to Hell.
 52171 | Depths:1 | Received a gift from Trog
 52528 | Depths:1 | Found Cazawnoh's CLEARANCE SALE!.
 52531 | Depths:1 | Found Kusuredgh's Distillery.
 52818 | Depths:1 | Acquired 364 gold pieces
 52938 | Depths:1 | Found a portal to a secret trove of treasure.
 53182 | Vaults:2 | Bought a scroll of enchant armour for 127 gold pieces
 53593 | Elf:2    | Bought a scroll of enchant armour for 90 gold pieces
 53885 | Depths:1 | Identified the +4 robe of the Pink Corner {rElec rN+}
 53885 | Depths:1 | Noticed Boris
 53899 | Depths:1 | Killed Boris
 54304 | Depths:1 | Found a one-way gate to the infinite horrors of the Abyss.
 54395 | Depths:2 | Found a sparkling altar of Nemelex Xobeh.
 54924 | Depths:2 | Identified the +6 spear of Demonkind {flame, rF+} (Trog
                  | gifted it to you on level 2 of the Depths)
 54924 | Depths:2 | Received a gift from Trog
 54937 | Depths:2 | Reached skill level 15 in Dodging
 54948 | Depths:2 | Found a white marble altar of Elyvilon.
 55298 | Depths:2 | Found a one-way gate leading to the halls of Pandemonium.
 56794 | Depths:3 | Received a gift from Trog
 56822 | Depths:3 | Identified the orb "Funihei" {light, Regen+}
 56822 | Depths:3 | Noticed Frederick
 56830 | Depths:3 | Killed Frederick
 57208 | Depths:3 | Reached XP level 25. HP: 227/231 MP: 32/32
 57535 | Depths:4 | Entered Level 4 of the Depths
 57639 | Depths:4 | Received a gift from Trog
 58203 | Depths:4 | Found Sorchalipn's Armour Emporium.
 58675 | Depths:4 | Found a one-way gateway to a ziggurat.
 58942 | Depths:4 | Found a gate to the Realm of Zot.
 59464 | Vaults:4 | You are sucked into a shaft and drop 1 floor!
 59464 | Vaults:5 | Entered Level 5 of the Vaults
 59501 | Vaults:5 | Noticed a dread lich
 59507 | Vaults:5 | Killed a dread lich
 59780 | Vaults:5 | Reached skill level 15 in Invocations
 59894 | Vaults:5 | Received a gift from Trog
 60035 | Vaults:5 | Identified the ring of the Hero {rN+ Will++}
 60375 | Vaults:5 | Identified the +6 falchion of Instant Death {flame, Str+5}
 60408 | Vaults:5 | Identified the +0 robe "Pilats" {rElec rC- Dex+7}
 60426 | Vaults:5 | Identified the +3 hand axe of the Hidden Vale {drain,
                  | ^Contam rPois Will+++ SInv}
 60431 | Vaults:5 | Identified the +2 falchion "Zaximy" {drain, SInv}
 60494 | Vaults:5 | Reached XP level 26. HP: 237/239 MP: 35/35
 60664 | Vaults:5 | Identified the staff of Triumph {rF+ rC++ rN+ Dex-2 Fire
                  | Earth}
 60777 | Vaults:5 | Identified the ring "Wudoeqo" {Wiz rC+ rN++ Will+ Slay-5}
 61004 | Vaults:5 | Identified the +7 war axe "Puuty" {freeze, rF+ Str+2 Int+2}
 61005 | Vaults:5 | Identified the +4 flail of Triumph {freeze, ^Drain rCorr
                  | MP+9 Dex+3}
 61123 | Vaults:5 | Identified the +1 pair of boots "Dang" {Will++ Dex-2}
 61150 | Vaults:5 | Identified the +2 short sword "Ikhy" {spect, Int+5}
 61243 | Vaults:5 | Noticed an ancient lich
 61260 | Vaults:5 | Killed an ancient lich
 61474 | Vaults:5 | Got a silver rune of Zot
 61974 | Elf:2    | Bought an encrusted chain mail for 304 gold pieces
 61974 | Elf:2    | Identified the +0 chain mail of Autumn {Harm rF+} (You
                  | bought it in a shop on level 2 of the Elven Halls)
 61974 | Elf:2    | Bought a fading plate armour for 896 gold pieces
 61974 | Elf:2    | Identified the +8 plate armour "Qestib" {Will+ rCorr Int+3
                  | Slay-5} (You bought it in a shop on level 2 of the Elven
                  | Halls)
 62258 | Vaults:2 | Bought a wand of quicksilver (6) for 428 gold pieces
 62258 | Vaults:2 | Bought a potion of cancellation for 136 gold pieces
 62258 | Vaults:2 | Bought a potion of haste for 170 gold pieces
 62258 | Vaults:2 | Bought a potion of curing for 51 gold pieces
 62477 | Depths:1 | Bought a potion of berserk rage for 105 gold pieces
 62477 | Depths:1 | Bought 2 potions of curing for 126 gold pieces
 62477 | Depths:1 | Bought a potion of heal wounds for 105 gold pieces
 62477 | Depths:1 | Bought a potion of heal wounds for 105 gold pieces
 62477 | Depths:1 | Bought a potion of might for 84 gold pieces
 62477 | Depths:1 | Bought a potion of curing for 63 gold pieces
 62477 | Depths:1 | Bought a potion of heal wounds for 105 gold pieces
 62477 | Depths:1 | Bought a potion of berserk rage for 105 gold pieces
 62713 | Crypt:1  | Entered Level 1 of the Crypt
 62757 | Crypt:1  | Received a gift from Trog
 62794 | Crypt:1  | Identified the +2 robe "Lomiudd" {rCorr Dex+2}
 62794 | Crypt:1  | Noticed Boris
 62805 | Crypt:1  | Killed Boris
 62818 | Crypt:3  | Entered Level 3 of the Crypt
 62822 | Crypt:3  | Noticed Xtahua
 62830 | Crypt:3  | Killed Xtahua
 62977 | Crypt:3  | Found a staircase to the Tomb.
 62993 | Crypt:3  | Noticed a dread lich
 63000 | Crypt:3  | Paralysed by a dread lich for 5 turns
 63010 | Crypt:3  | Killed a dread lich
 63208 | Crypt:3  | Identified the +12 short sword "Zassusch" {antimagic, rC+
                  | Str+2}
 63217 | Crypt:3  | Noticed an ancient lich
 63222 | Crypt:3  | Killed an ancient lich
 63229 | Crypt:3  | Got an ivory gem with 1293 turns to spare
 63749 | Crypt:3  | Identified the +6 scimitar "Foadub" {pain, rPois rF+ rN++
                  | Will-}
 64062 | Crypt:3  | Identified the +5 quarterstaff of Extinguishment {vamp,
                  | rPois Will+ Str+3}
 64204 | Crypt:3  | Received a gift from Trog
 65364 | Depths:1 | You paid a toll of +5 ice dragon scales to enter a treasure
                  | trove
 65365 | Trove    | Entered a treasure trove
 65382 | Trove    | Identified the +11 demon trident "Ucialal" {heavy, rElec
                  | rC++ rN+ Dex-4}
 65418 | Trove    | Identified the amulet of Creativity {Spirit rC+ MP+9 SInv}
 65419 | Trove    | Identified the amulet "Wuto" {Spirit Str+3}
 65420 | Trove    | Identified the amulet of Amorality {RegenMP+ Int+4}
 67339 | Elf:2    | Bought a scroll of fear for 48 gold pieces
 67339 | Elf:2    | Bought a scroll of teleportation for 36 gold pieces
 67339 | Elf:2    | Bought a scroll of immolation for 48 gold pieces
 67339 | Elf:2    | Bought a scroll of immolation for 48 gold pieces
 67356 | Elf:2    | Bought a potion of heal wounds for 140 gold pieces
 67356 | Elf:2    | Bought a potion of enlightenment for 140 gold pieces
 67356 | Elf:2    | Bought 3 scrolls of revelation for 630 gold pieces
 67393 | Orc:2    | Bought a scroll of teleportation for 45 gold pieces
 67393 | Orc:2    | Bought a potion of berserk rage for 75 gold pieces
 67394 | Orc:2    | Bought a potion of ambrosia for 80 gold pieces
 67394 | Orc:2    | Bought a potion of cancellation for 80 gold pieces
 67394 | Orc:2    | Bought a potion of berserk rage for 50 gold pieces
 67394 | Orc:2    | Bought a potion of invisibility for 80 gold pieces
 67394 | Orc:2    | Bought a potion of berserk rage for 50 gold pieces
 67394 | Orc:2    | Bought a potion of ambrosia for 80 gold pieces
 67395 | Orc:2    | Bought a scroll of immolation for 56 gold pieces
 67395 | Orc:2    | Bought a scroll of poison for 56 gold pieces
 67395 | Orc:2    | Bought a scroll of blinking for 105 gold pieces
 67397 | Orc:2    | Bought a potion of haste for 160 gold pieces
 67397 | Orc:2    | Bought 2 potions of curing for 96 gold pieces
 67787 | Zot:1    | Entered Level 1 of the Realm of Zot
 67787 | Zot:1    | Noticed Grunn
 67798 | Depths:4 | Killed Grunn
 67979 | Zot:1    | Received a gift from Trog
 67998 | Zot:1    | Noticed Vv
 68016 | Zot:1    | Killed Vv
 68070 | Zot:2    | Reached skill level 1 in Stealth
 68422 | Zot:2    | Reached XP level 27. HP: 197/246 MP: 37/37
 68757 | Zot:2    | You are sucked into a shaft and drop 2 floors!
 68852 | Zot:4    | Identified the +5 demon whip of Plunder {flame, rElec
                  | Dex+3} (Trog gifted it to you on level 4 of the Realm of
                  | Zot)
 68852 | Zot:4    | Received a gift from Trog
 68860 | Zot:4    | Noticed an orb of fire
 68865 | Zot:4    | Killed an orb of fire
 69658 | Zot:2    | Reached skill level 5 in Stealth
 69893 | Zot:2    | Reached skill level 15 in Polearms
 70147 | Zot:5    | Entered Level 5 of the Realm of Zot
 70269 | Zot:5    | Received a gift from Trog
 70291 | Zot:5    | Identified the +9 rapier of Objectivity {freeze, rElec rC+}
 70700 | Zot:5    | Noticed an ancient lich
 70705 | Zot:5    | Killed an ancient lich
 71080 | Zot:5    | Noticed an orb of fire
 71092 | Zot:5    | Gained mutation: Your body sometimes deteriorates upon
                  | taking damage. [an orb of fire]
 71096 | Zot:5    | Killed an orb of fire
 71432 | Zot:5    | Received a gift from Trog
 71559 | Zot:5    | Noticed a dread lich
 71559 | Zot:5    | Noticed an ancient lich
 71561 | Zot:5    | Got the Orb of Zot
 71564 | Zot:5    | Noticed Xuzaymur the pandemonium lord
 71568 | Zot:5    | Noticed an orb of fire
 71568 | Zot:5    | Noticed an orb of fire
 71568 | Zot:5    | Noticed an orb of fire
 71653 | Zot:2    | Noticed Mottocw the pandemonium lord
 71820 | Depths:2 | Noticed Okheef the pandemonium lord
 72248 | D:2      | Noticed Natasha
 72279 | D:1      | Noticed Qiprikk the pandemonium lord
 72291 | D:1      | Killed Qiprikk the pandemonium lord
 72295 | D:$      | Escaped with the Orb!

Illustrated notes

Levels and vault maps discovered:
D:1:      mrwooster_arrival_statue_2, layout_basic,
          hellmonk_ecumenical_altar_pennies_from_heaven
D:2:      layout_basic, serial_shops, nicolae_shop_gaudy_bauble,
          kennysheep_cluttered_room, uniq_natasha, uniq_terence, uniq_sigmund
D:3:      layout_basic, nicolae_hepliaklqana_monster_ancestors,
          grunt_dithmenos_smoke, minivault_5, minmay_statues_item,
          uniq_crazy_yiuf_cottage
D:4:      layout_gridville, mainiacjoe_overflow_alcove_1,
          mainiacjoe_overflow_24_doors, nzn_random_ring
D:5:      lemuel_ice_spiral_2, layout_basic, nicolae_overflow_hidden_temple,
          uniq_menkaure, uniq_edmund, uniq_ijyb
D:6:      layout_loops_ring, kennysheep_mini, lemuel_round_altar,
          chequers_ossuary_entry_cave
D:7:      layout_loops_ring, nicolae_ru_sacrificial_ziggurat,
          minmay_temple_entry_from_below_a, enter_bailey_2, uniq_pikel,
          uniq_joseph
D:8:      minmay_separated_statues, layout_basic,
          mainiacjoe_overflow_surrounded_room, uniq_gastronok
D:9:      layout_cave_pools, nzn_wu_jian_contemplation,
          erik_lair_orcish_takeover, orc_0_dummy, biasface_ghost_orc_armoury,
          minivault_8
D:10:     layout_gridville, chequers_temple_overflow_statue_of_worship,
          serial_shops, shop, nicolae_inconvenience_store
D:11:     layout_rooms, uniq_josephine, uniq_psyche, uniq_harold
D:12:     layout_roguey, nicolae_qazlal_eye_of_the_storm
D:13:     layout_irregular_city, eino_tiny_chamber, led_sif_book, uniq_lodul,
          uniq_rupert
D:14:     minmay_slanted_spiral_squares, layout_basic, uniq_azrael
D:15:     gammafunk_enter_depths_forms, layout_basic,
          ebering_dispersal_statue_hall, uniq_kirke
Temple:   hellmonk_temple_rainy
Lair:1:   lemuel_ratsnest, layout_big_grid, lemuel_fruit_fields,
          lemuel_fruit_fields
Lair:2:   layout_chaotic_city, minmay_snake_entry_guardpost_medium,
          serial_bayou_shore_a, grunt_megastairs_3, uniq_maggie, uniq_amaemon
Lair:3:   layout_roguey, minmay_shoals_entry_hut, lemuel_fruit_tree
Lair:4:   layout_regular_city, slime_entry_1, serial_bayou,
          serial_bayou_crossing, serial_bayou_lagoon_a, serial_bayou_pond_e,
          serial_bayou_pond_c, st_stairs_5
Lair:5:   hangedman_lair_caniforms_friends, layout_misc_corridors,
          guppyfry_lair_end_dragon, serial_bayou_shore_b
Shoals:1: dreamdust_from_the_deep, layout_shoals, uniq_nikola
Shoals:2: layout_shoals, nicolae_shoals_stone_sculpture_thing,
          nicolae_shoals_the_drawing_of_the_three, uniq_louise
Shoals:3: cheibrodos_shoals_oceanic_diplomacy, layout_shoals, serial_shops,
          nicolae_shop_hallway_stairs, uniq_mlioglotl
Shoals:4: shoals_end_hangedman, layout_shoals, serial_shops, shop, shop,
          nicolae_shoals_lost_giant_pillars
Snake:1:  layout_onion_interference, serial_shops, shop, uniq_aizul, uniq_donald
Snake:2:  layout_onion
Snake:3:  layout_chambers, uniq_bai_suzhen
Snake:4:  grunt_snake_rune_pools, layout_onion_interference
Orc:1:    layout_caves, basic_altar
Orc:2:    st_orc_ogre_mass, layout_caves, einodemon_barbed_minivault
Elf:1:    layout_rooms, serial_shops, shop, nicolae_elf_crossing_hall
Elf:2:    elven_hall_of_blades_hangedman_original
          [nicolae_blade_entry_crossed_weapons], layout_onion_city,
          serial_shops, nicolae_shop_back_alley_shop, nicolae_shop_crystal,
          nicolae_diamond_shop, shop, nicolae_shop_dealshenge,
          amethyst_killhole, minmay_misc_feat_alley
Elf:3:    elf_hall_gauntlet_wide, layout_loops_corners,
          portal_ice_cave_entry_dragon, serial_shops, shop
Vaults:1: st_greater_box_3, nicolae_vaults_house_2, vaults_room_pools,
          nicolae_vaults_apartment_1, nicolae_vaults_twisting_passages,
          nicolae_vaults_lightning_bolt, hangedman_vaults_restitches, v_misc_8,
          nicolae_vaults_big_angled_halls, nicolae_vaults_house_2,
          nicolae_vaults_tetromino_Z_1, ontoclasm_vaults_shuriken,
          vaults_mumra_hexcomb, nicolae_vaults_frosty_reception,
          nicolae_vaults_border_crossing, layout_vaults_maze, uniq_saint_roka,
          uniq_asterion
Vaults:2: nicolae_vaults_surprise_closet, vaults_room_boxed,
          minmay_crypt_entry_simple_walls, ontoclasm_vaults_loading_screen,
          nicolae_vaults_windows_and_doors_thing, v_pattern_3,
          nicolae_vaults_apartment_2, vaults_dpeg_doors,
          grunt_vaults_hallway_long, nicolae_vaults_storage_room_statues,
          vaults_room_fancy_cross, nicolae_vaults_more_shelving_1,
          nicolae_vaults_wine_cellar, layout_vaults_omnicross, serial_shops,
          nicolae_shop_stone
Vaults:3: nicolae_vaults_tangram_2, nicolae_vaults_taking_the_gang_shopping,
          nicolae_vaults_mini_display_case, grunt_vaults_hallway_short,
          nicolae_vaults_diagonal_hallway_6, nicolae_vaults_specimen_jars,
          hangedman_vaults_cutoff, nicolae_vaults_three_branches,
          layout_vaults_omnigrid
Vaults:4: hangedman_vaults_nails, nicolae_vaults_shelves_hall,
          nicolae_vaults_what_the_h, hangedman_vaults_trim,
          nicolae_vaults_trapezoid_3, nicolae_vaults_diamond_2,
          nicolae_vaults_wrenched, nicolae_vaults_oval_intersection,
          ontoclasm_vaults_eye, ontoclasm_vaults_idyll, vaults_standard_mumra_x,
          grunt_vaults_hallway_long, vaults_room_pool, ontoclasm_vaults_fault,
          nicolae_vaults_trapezoid_layered,
          nicolae_vaults_shipping_containers_3, layout_vaults_omnibox
Vaults:5
Crypt:1:  layout_chaotic_city, grunt_crypt_arrival_webbed, uniq_margery
Crypt:2:  layout_gridlike
Crypt:3:  quadcrypt_mu, uniq_xtahua
Depths:1: layout_cave_pools, serial_shops, shop,
          nicolae_trove_entry_path_of_doom, hell_entry,
          nicolae_abyss_entry_one_way_or_another, drop_trap,
          hangedman_abyss_or_decor_stabs, nicolae_shop_clearance, uniq_boris
Depths:2: minmay_curly_fans, layout_gridlike, nemelex_xobeh_ov_fountains_minmay,
          pan_entry, hell_entry, nicolae_elyvilon_peaceful_grove
Depths:3: hangedman_screamer, layout_basic, abyss_entry,
          serial_co_window_serial, co_window_of_opportunity_a,
          co_window_paths_a, co_window_corner_a, co_window_paths_a,
          co_window_paths_b, co_window_of_opportunity_a, co_window_paths_b,
          co_window_corner_a, co_window_of_opportunity_a,
          co_window_unsneaky_path_d, co_window_corner_cb, co_window_broadway_c,
          co_window_of_opportunity_c, glass_columns_b, lightli_too_deep,
          serial_bayou_shore_b, uniq_frederick
Depths:4: grunt_zot_entry_hairpin, layout_cave_shapes, enter_ziggurat_b,
          serial_shops, shop, hangedman_coc_ice_floe, rand_demon_pan_entry_5
Zot:1:    grunt_twist_and_shout, layout_concentric_octagons,
          hangedman_snake_sidewinding, uniq_tiamat, uniq_vv, uniq_grunn
Zot:2:    lemuel_halls_of_wrath, layout_onion_interference
Zot:3:    dreamdust_black_sun_cult, layout_twisted_circle,
          regret_index_zotdec_slimy_original, regret_index_zotdec_ex
Zot:4:    layout_misc_corridors
Zot:5:    layout_misc_corridors

Skill      XL: |  1  2  3  4  5  6  7  8  9 10 11 12 13 14 15 16 17 18 19 20 21 22 23 24 25 26 27 |
---------------+----------------------------------------------------------------------------------+-----
Polearms       | 3 4 6 7 9 10 12 13 14 15 | 15.9
Maces & Flails | 2 3 |  3.0
Armour         | 2 3 5 6 7 9 11 12 13 14 15 16 17 | 17.0
Evocations     | 3 6 7 8 11 14 15 16 18 19 20 | 20.0
Fighting       | 4 5 7 8 10 11 15 18 20 | 20.0
Dodging        | 4 5 8 10 11 12 13 14 15 16 | 16.6
Throwing       | 2 3 6 8 10 11 13 14 15 16 17 | 17.7
Invocations    | 3 4 5 6 8 10 13 17 20 | 20.1
Stealth        | 1 8 |  8.0

Action                     |  1- 3 |  4- 6 |  7- 9 | 10-12 | 13-15 | 16-18 | 19-21 | 22-24 | 25-27 || total
---------------------------+-------+-------+-------+-------+-------+-------+-------+-------+-------++-------
  Melee: Spear             |    98 |   103 |    68 |       |       |       |       |       |       ||   269
         Dagger            |    76 |    43 |       |       |       |       |       |       |       ||   119
         Mace              |       |    35 |    60 |       |       |       |       |       |       ||    95
         Trident           |       |       |   325 |   619 |   582 |   412 |       |       |       ||  1938
         Demon trident     |       |       |       |    98 |   642 |  1042 |  1271 |  2242 |  2180 ||  7475
         Unarmed           |       |       |       |       |       |    14 |       |       |       ||    14
  Throw: Stone             |     9 |     6 |     4 |    25 |    26 |    64 |    19 |       |       ||   153
         Dart              |       |       |       |     4 |       |       |       |       |       ||     4
         Boomerang         |       |       |       |       |       |       |    31 |    64 |   386 ||   481
         Throwing net      |       |       |       |       |       |       |       |       |     1 ||     1
 Invoke: Berserk           |     2 |     2 |       |     3 |       |       |       |       |       ||     7
         Trog's Hand       |       |       |       |     4 |     2 |     9 |    13 |     9 |    28 ||    65
         Renounce Religion |       |       |       |       |     1 |       |       |       |       ||     1
         Brothers in Arms  |       |       |       |       |       |     1 |       |       |       ||     1
Ability: Invent Gizmo      |       |       |       |       |     1 |       |       |       |       ||     1
  Evoke: Wand              |       |       |     6 |     4 |     3 |    11 |     3 |     3 |    18 ||    48
         Sack of spiders   |       |       |       |       |     3 |     1 |       |     2 |     3 ||     9
         Tin of tremorston |       |       |       |       |       |       |     5 |     7 |     9 ||    21
         Phial of floods   |       |       |       |       |       |       |     2 |     4 |     1 ||     7
         Lightning rod     |       |       |       |       |       |       |       |    11 |    14 ||    25
         Phantom mirror    |       |       |       |       |       |       |       |     1 |     1 ||     2
    Use: Scroll            |       |     5 |     2 |    11 |     6 |    14 |    10 |    12 |    27 ||    87
         Potion            |       |       |       |       |       |    10 |     3 |     2 |    16 ||    31
   Stab: Sleeping          |     5 |       |       |       |       |       |       |       |       ||     5
         Distracted        |       |       |       |     1 |       |     2 |       |     5 |     2 ||    10
         Held in net/web   |       |       |       |       |     1 |       |       |       |       ||     1
         Invisible         |       |       |       |       |       |       |     9 |    37 |    38 ||    84
         Paralysed         |       |       |       |       |       |       |       |     3 |    25 ||    28
 Armour: Animal skin       |    27 |       |       |       |       |       |       |       |       ||    27
         Leather armour    |     7 |       |       |       |       |       |       |       |       ||     7
         Scale mail        |       |    60 |    69 |     9 |       |       |       |       |       ||   138
         Swamp dragon scal |       |       |       |   173 |   349 |   564 |   335 |   576 |   599 ||  2596
         Skin              |       |       |       |       |       |     3 |       |       |       ||     3
  Dodge: Dodged            |    42 |    43 |    52 |   115 |   216 |   391 |   363 |   894 |   725 ||  2841

Table legend: (Time is in decaauts)
 A = Elapsed time spent in this place.
 B = Non-inter-level travel time spent in this place.
 C = Inter-level travel time spent in this place.
 D = Time resting spent in this place.
 E = Time spent auto-exploring this place.
 F = Levels seen in this place.
 G = Mean time per level.
                   A        B        C        D        E       F      G
               +--------+--------+--------+--------+--------+-----+--------+
         Total |  73195 |  64356 |   8839 |   6543 |  42192 |  58 | 1262.0 |
       Dungeon |  19981 |  16072 |   3909 |    652 |  12154 |  15 | 1332.1 |
        Temple |     27 |     14 |     13 |      0 |      0 |   1 |   27.0 |
          Lair |   5983 |   5355 |    628 |    163 |   3938 |   5 | 1196.6 |
        Shoals |   7113 |   6900 |    213 |   1239 |   4437 |   4 | 1778.2 |
     Snake Pit |   5995 |   5728 |    267 |    237 |   4440 |   4 | 1498.8 |
  Orcish Mines |   2282 |   1930 |    352 |      0 |   1586 |   2 | 1141.0 |
   Elven Halls |   4905 |   4328 |    577 |    720 |   2333 |   3 | 1635.0 |
        Vaults |   9693 |   7940 |   1753 |    753 |   5235 |   5 | 1938.6 |
         Crypt |   3847 |   3639 |    208 |    217 |   2434 |   3 | 1282.3 |
        Depths |   6544 |   5666 |    878 |    455 |   3936 |   4 | 1636.0 |
           Zot |   3739 |   3701 |     38 |   1117 |   1119 |   5 |  747.8 |
         Abyss |    997 |    997 |      0 |    244 |      0 |   3 |  332.3 |
         Trove |    104 |    104 |      0 |      0 |     28 |   1 |  104.0 |
       Ossuary |    439 |    439 |      0 |      0 |    233 |   1 |  439.0 |
        Bailey |    595 |    595 |      0 |    390 |     61 |   1 |  595.0 |
      Ice Cave |    946 |    946 |      0 |    352 |    255 |   1 |  946.0 |
               +--------+--------+--------+--------+--------+-----+--------+

Top non-repeatable levels by time:
Vaults:2: 2658 daAuts
    D:15: 2601 daAuts
Depths:3: 2274 daAuts
Vaults:5: 2246 daAuts
   Elf:3: 2169 daAuts
Vaults:1: 2144 daAuts
 Snake:4: 2047 daAuts
 Crypt:3: 1946 daAuts
Shoals:1: 1945 daAuts
Shoals:3: 1890 daAuts
     D:5: 1853 daAuts
   Elf:2: 1741 daAuts
    D:14: 1705 daAuts
Shoals:2: 1667 daAuts
     D:8: 1624 daAuts
